 Dungeon Crawl Stone Soup version 0.28-a0-1199-gef9e1dbd39 (webtiles) character file.

Game seed: 16924147992210394352

2430 ChaosChampion the Grappler (level 9, 0/64 HPs)
             Began as a Red Draconian Transmuter on Dec 19, 2021.
             Slain by an orc warrior (13 damage)
             ... on level 6 of the Dungeon.
             The game lasted 00:13:45 (9355 turns).

ChaosChampion the Grappler (DrTm)                   Turns: 9355, Time: 00:13:46

Health: 0/64       AC: 11    Str: 13    XL:     9   Next: 24%
Magic:  11/12      EV: 12    Int: 17    God:
Gold:   253        SH:  0    Dex: 12    Spells: 6/12 levels left

rFire   + . .      SeeInvis .     - Unarmed
rCold   . . .      Faith    .   (no shield)
rNeg    . . .      Spirit   .   (armour unavailable)
rPois   .          Reflect  .   (helmet currently unavailable)
rElec   .          Harm     .   b - +0 cloak
rCorr   .          Rampage  .   A - +2 pair of gloves
Will    .....                   (boots currently unavailable)
Stlth   +.........              (no amulet)
HPRegen 0.20/turn               (no ring)
MPRegen 0.13/turn               (no ring)

@: short of breath, appendages, wereblooded
A: horns 2, talons 2, breathe fire, AC +7, unfitting armour, fire resistance 1,
cold-blooded
a: Breathe Fire, End Transformation


You were on level 6 of the Dungeon.
You had temporarily grown beastly horns and talons.
You visited 1 branch of the dungeon, and saw 7 of its levels.
You also visited: Sewer.

You collected 253 gold pieces.

Inventory:

Missiles
 q - 4 silver boomerangs
Armour
 b - a +0 cloak (worn)
 A - a +2 pair of gloves (worn)
Magical Staves
 d - a staff of fire
Jewellery
 s - a ring of see invisible
Wands
 h - a wand of paralysis (6)
 j - a wand of mindburst (6)
Scrolls
 a - 6 scrolls of identify
 e - 2 scrolls of noise
 f - 3 scrolls of torment
 g - a scroll of teleportation
 m - 2 scrolls of enchant armour {unknown}
 n - a scroll of enchant weapon {unknown}
 r - 3 scrolls of amnesia {unknown}
 w - a scroll of immolation {unknown}
 x - a scroll of magic mapping
 y - a scroll of fog
Potions
 c - a potion of haste {unknown}
 k - a potion of brilliance {unknown}
 l - a potion of berserk rage
 o - a potion of ambrosia {unknown}
 p - 4 potions of invisibility
 t - a potion of experience {unknown}
 u - 2 potions of magic {unknown}
 v - a potion of heal wounds {unknown}
 z - 2 potions of curing


   Skills:
 - Level 1.1 Fighting
 - Level 1.7 Dodging
 * Level 10.7 Unarmed Combat
 - Level 2.0 Spellcasting
 + Level 7.4 Transmutations


You had 6 spell levels left.
You knew the following spells:

 Your Spells              Type           Power      Damage    Failure   Level
a - Beastly Appendage     Tmut           52%        N/A       1%          1
b - Wereblood             Tmut           26%        N/A       1%          2
c - Spider Form           Tmut/Pois      14%        N/A       13%         3

Your spell library contained the following spells:

 Spells                   Type           Power      Damage    Failure   Level
 Ice Form                 Ice/Tmut       14%        N/A       38%         4
 Dispersal                Tloc           0%         N/A       100%        6
 Disjunction              Tloc           0%         N/A       100%        8


Dungeon Overview and Level Annotations

Branches:
Dungeon (7/15)              Sewer (visited)
 Temple: D:4-7

Altars:

Shops:
D:2 =

Annotations:
D:2 Sigmund


Innate Abilities, Weirdness & Mutations

You have temporarily grown beastly horns and talons.
You can breathe blasts of fire.
Your fiery red scales are hard. (AC +7)
You cannot fit into any form of body armour.
Your flesh is heat resistant. (rF+)
You are cold-blooded and may be slowed by cold attacks.


Message History

The water moccasin bites you but does no damage.
You barely miss the water moccasin. You claw the water moccasin.
Your headbutt misses the water moccasin.
The water moccasin is almost dead.
You howl as the wereblood boils in your veins!
The water moccasin bites you but does no damage.
You punch the water moccasin!
You feel a bit better.
You kill the water moccasin!
You hit the orc warrior but do no damage.
You howl as the wereblood boils in your veins!
You hit the orc warrior but do no damage.
Your kick misses the orc warrior.
You tail-slap the orc warrior, but do no damage.
The orc warrior barely misses you.
You hit the orc warrior but do no damage.
You howl as the wereblood boils in your veins!
The orc warrior hits you with a +0 flail!
You barely miss the orc warrior.
The orc warrior hits you but does no damage.
You hit the orc warrior but do no damage.
You claw the orc warrior.
The orc warrior is lightly wounded.
You howl as the wereblood boils in your veins!
The orc warrior hits you with a +0 flail!
You are too injured to fight recklessly!
You are too injured to fight recklessly!
You are too injured to fight recklessly!
You completely miss the orc warrior.
The orc warrior is lightly wounded.
You howl as the wereblood boils in your veins!
You barely miss the orc warrior.
You claw the orc warrior, but do no damage.
The orc warrior is lightly wounded.
The orc warrior hits you with a +0 flail!
* * * LOW HITPOINT WARNING * * *
You hit the orc warrior but do no damage.
You tail-slap the orc warrior, but do no damage.
The orc warrior is lightly wounded.
The orc warrior hits you with a +0 flail!
You die...

##################
.......[.....ooo@#
###########.######
### #.# ..# #.#
..# #.##### ..#
#.....# ..#
#####.# ### #.#
#.#


You could see an orc warrior and 2 orcs.

Vanquished Creatures
  Menkaure (D:5)
  2 water moccasins (D:6)
  A hornet zombie (D:5)
  A black bear (D:6)
  A necrophage (D:6)
  2 ice beasts
  6 kobold brigands (Sewer)
  A scorpion (D:5)
  A gnoll sergeant (D:5)
  A water moccasin zombie (D:6)
  A wyvern skeleton (D:6)
  5 wights (D:6)
  4 jellies
  A hound (D:4)
  A centaur zombie (D:7)
  A gnoll shaman (D:6)
  2 orc priests (D:5)
  Natasha (thrice) (D:2)
  6 iguanas
  2 orc wizards (D:5)
  7 gnolls
  7 adders
  A shadow imp (D:5)
  3 ufetubi
  3 worms
  11 orcs
  9 endoplasms
  3 giant cockroaches
  6 hobgoblins
  4 jackals (D:4)
  3 quokkas
  11 ball pythons
  5 bats
  4 frilled lizards
  6 goblins
  21 kobolds
  6 rats
153 creatures vanquished.

Vanquished Creatures (others)
  A plant (Sewer)
1 creature vanquished.

Grand Total: 154 creatures vanquished

Notes
Turn   | Place    | Note
-------+----------+-------------------------------------------
     0 | D:1      | ChaosChampion the Draconian Transmuter began the quest for
                  | the Orb.
     0 | D:1      | Reached XP level 1. HP: 16/16 MP: 3/3
   614 | D:1      | Reached XP level 2. HP: 23/23 MP: 3/5
   621 | D:1      | Learned a level 2 spell: Wereblood
  1240 | D:2      | Found a faded altar of an unknown god.
  1246 | D:2      | Reached XP level 3. HP: 28/28 MP: 6/6
  1467 | D:2      | Noticed Sigmund
  1491 | D:2      | Found Epsiw's Jewellery Shop.
  1498 | D:2      | Reached skill level 4 in Unarmed Combat
  1670 | D:2      | Noticed Natasha
  1689 | D:2      | Killed Natasha
  2095 | D:2      | Noticed Natasha
  2109 | D:2      | Killed Natasha
  2110 | D:2      | Reached XP level 4. HP: 22/35 MP: 3/7
  2248 | D:2      | Noticed Natasha
  2256 | D:2      | Killed Natasha
  2862 | D:3      | Reached skill level 5 in Unarmed Combat
  3101 | D:4      | Reached XP level 5. HP: 33/40 MP: 4/8
  4116 | D:5      | Entered Level 5 of the Dungeon
  4415 | D:5      | Reached XP level 6. HP: 24/47 MP: 6/9
  4467 | D:5      | Reached skill level 6 in Unarmed Combat
  4493 | D:5      | Found a glowing drain.
  4502 | Sewer    | Entered a sewer
  5215 | Sewer    | Reached skill level 7 in Unarmed Combat
  5215 | Sewer    | Your scales start taking on a fiery red colour.
  5215 | Sewer    | Reached XP level 7. HP: 44/52 MP: 6/10
  5215 | Sewer    | Gained mutation: Your flesh is heat resistant. (rF+) [Red
                  | Draconian growth]
  5362 | Sewer    | Reached skill level 5 in Transmutations
  5972 | D:4      | HP: 1/52 [poisoned by a gnoll sergeant]
  6521 | D:5      | Reached skill level 8 in Unarmed Combat
  6802 | D:5      | Noticed Menkaure
  6816 | D:5      | Killed Menkaure
  6817 | D:5      | Reached XP level 8. HP: 22/59 MP: 8/11
  7952 | D:6      | Reached skill level 9 in Unarmed Combat
  8291 | D:6      | Reached skill level 10 in Unarmed Combat
  8487 | D:6      | Reached XP level 9. HP: 42/64 MP: 12/12
  8492 | D:6      | Learned a level 3 spell: Spider Form
  9355 | D:6      | Slain by an orc warrior

Illustrated notes

Levels and vault maps discovered:
D:1:      zelgadis_glass_arrival_small, layout_basic,
          amcnicky_mini_rare_corridor_liquid
D:2:      layout_rooms, serial_shops, nicolae_square_shop,
          hellmonk_ecumenical_altar_arch_garden, uniq_natasha, uniq_sigmund
D:3:      layout_rooms, wad_rectangle_vault
D:4:      layout_basic
D:5:      kennysheep_big_flooded_room, layout_cave_pods,
          cheibrodos_sewer_entry_bend, st_stairs_2, uniq_menkaure
D:6:      layout_basic
D:7:      layout_rooms, mainiacjoe_overflow_small_starburst,
          minmay_temple_entry_offerings

Skill      XL: |  1  2  3  4  5  6  7  8 |
---------------+-------------------------+-----
Unarmed Combat | 4 5 7 8 10 | 10.7
Transmutations | 3 4 5 7 |  7.4
Fighting       | |  1.1
Dodging        | |  1.7
Spellcasting   | |  2.0

Action                   |  1- 3 |  4- 6 |  7- 9 || total
-------------------------+-------+-------+-------++-------
Melee: Unarmed           |   103 |   152 |   188 ||   443
       Kick              |    18 |    30 |    34 ||    82
       Headbutt          |    10 |    18 |    25 ||    53
       Tailslap          |     9 |    13 |    17 ||    39
       Punch             |     1 |     2 |     5 ||     8
 Cast: Beastly Appendage |    24 |    29 |    32 ||    85
       Wereblood         |     4 |    17 |    22 ||    43
 Abil: Breathe Fire      |       |       |    23 ||    23
Evoke: Wand              |     2 |     1 |       ||     3
  Use: Scroll            |       |     8 |     1 ||     9
       Potion            |       |       |     2 ||     2
 Stab: Paralysed         |     3 |       |       ||     3
       Sleeping          |       |       |     2 ||     2
Armor: Skin              |    49 |    31 |    65 ||   145
Dodge: Dodged            |    88 |    95 |    93 ||   276

Table legend: (Time is in decaauts)
 A = Elapsed time spent in this place.
 B = Non-inter-level travel time spent in this place.
 C = Inter-level travel time spent in this place.
 D = Time resting spent in this place.
 E = Time spent auto-exploring this place.
 F = Levels seen in this place.
 G = Mean time per level.
                   A        B        C        D        E       F      G
               +--------+--------+--------+--------+--------+-----+--------+
         Total |   9354 |   9086 |    268 |   1847 |   5703 |   8 | 1169.2 |
       Dungeon |   8150 |   7882 |    268 |   1199 |   5290 |   7 | 1164.3 |
         Sewer |   1203 |   1203 |      0 |    648 |    412 |   1 | 1203.0 |
               +--------+--------+--------+--------+--------+-----+--------+

Top non-repeatable levels by time:
     D:5: 2091 daAuts
     D:4: 1574 daAuts
     D:2: 1319 daAuts
     D:6: 1307 daAuts
   Sewer: 1203 daAuts
     D:1: 1194 daAuts
     D:3: 575 daAuts
     D:7: 88 daAuts
